 Dungeon Crawl Stone Soup version bcrawl-1.28.1b (webtiles) character file.

Game seed: 7340544579222840094

188736 Morbidden the Ducker (level 6, 0/57 HPs)
             Began as an Avariel Reaver on Dec 16, 2020.
             Was a Believer of Vehumet.
             Slain by Grinder (1 damage)
             ... while paralysed by Grinder
             ... on level 4 of the Dungeon.
             The game lasted 00:08:08 (3300 turns).

Morbidden the Ducker (Avariel Reaver)               Turns: 3300, Time: 00:08:09

Health: 0/57       AC:  5    Str: 13 (14) XL:     6   Next: 89%
Magic:  2/14       EV:  2    Int: 20 (22) God:    Vehumet [**....]
Gold:   217        SH:  0    Dex: 10 (11) Spells: 12/14 levels left

rFire    . . .     SeeInvis .   b - +3 dagger (drain)
rCold    . . .     Gourm    .   (no shield)
rNeg     . . .     Faith    .   t - +0 steam dragon scales
rPois    .         Spirit   .   s - +0 hat
rElec    .         Reflect  .   (no cloak)
rCorr    .         Harm     .   (no gloves)
MR       .....                  (no boots)
Stlth    ..........             f - amulet of rage
HPRegen  0.19/turn              (no ring)
MPRegen  0.14/turn              (no ring)

@: paralysed, berserking, swift, flying quickly and evasively, very quick
A: no striking features
a: Renounce Religion, Evoke Berserk Rage


You were on level 4 of the Dungeon.
You worshipped Vehumet.
Vehumet was pleased with you.
You were hungry.

You visited 1 branch of the dungeon, and saw 4 of its levels.

You collected 217 gold pieces.

Inventory:

Hand Weapons
 a - a +0 long sword
 b - a +3 dagger of draining (weapon)
Missiles
 g - 20 curare-tipped needles
 m - 39 exploding tomahawks
 v - 50 poisoned tomahawks (quivered)
Armour
 s - a +0 hat (worn)
 t - +0 steam dragon scales (worn)
Jewellery
 f - an amulet of rage (around neck)
Scrolls
 d - a scroll of immolation
 h - 2 scrolls of noise {unknown}
 i - a scroll of magic mapping {unknown}
 j - 2 scrolls of fear {unknown}
 l - a scroll of fog {unknown}
 n - 3 scrolls of teleportation {unknown}
 p - a scroll of amnesia {unknown}
 q - 2 scrolls of remove curse {unknown}
 r - 3 scrolls of enchant weapon {unknown}
 u - 2 scrolls of identify
Potions
 c - 2 potions of haste
 k - a potion of flight
Comestibles
 e - 4 rations {!d}


   Skills:
 * Level 3.7 Fighting
 + Level 3.5 Long Blades
 + Level 0.1 Throwing
 * Level 4.9 Dodging
 + Level 0.1 Stealth
 * Level 4.6 Spellcasting
 * Level 3.7 Conjurations
 + Level 1.1 Air Magic
 + Level 1.3 Poison Magic
 + Level 1.0 Evocations


You had 12 spell levels left.
You knew the following spells:

 Your Spells              Type           Power        Failure   Level  Hunger
a - Sting                 Conj/Pois      ##..         1%          1    None
b - Shock                 Conj/Air       ##...        1%          1    None

Your spell library contained the following spells:

 Spells                   Type           Power        Failure   Level  Hunger
 Iskenderun's Battlesphe  Conj/Chrm      ##......     36%         5    ######.


Dungeon Overview and Level Annotations

Branches:
Dungeon (4/12)
 Temple: D:4-7

Altars:
Qazlal
Yredelemnul

Annotations:
D:4 Grinder


Message History

No path to travel!
You barely miss Grinder.
Grinder is severely wounded.
Grinder closely misses you.
You hit Grinder but do no damage.
Grinder is severely wounded.
You completely miss Grinder.
Grinder is severely wounded.
Grinder closely misses you.
You puncture Grinder!
Grinder is almost dead.
Grinder gestures at you.
You suddenly lose the ability to move!
Grinder gestures at you. Pain shoots through your body!
* * * LOW HITPOINT WARNING * * *
Grinder hits you.
* * * LOW HITPOINT WARNING * * *
You writhe in agony.
You die...

#. #.. #.. ######
##...###....##...#
#.....<'...).+...#
#......#.....#...#
#......#(....#...#
##....##....##...#
#....##@...##...#
#.......5<.......# #####
.......##.........##....#
.###...
#........รท......# ...
#.....[.......... .#
#................
......##..........
##.?...##.........#
.........?........#


You could see Grinder.

Vanquished Creatures
  A hungry ghost (D:3)
  Blork the orc (D:4)
  An orc priest (D:3)
  A worker ant (D:3)
  An orc wizard (D:3)
  4 adders
  4 worms
  2 dart slugs
  4 leopard geckos
  4 orcs (D:3)
  2 giant cockroaches
  6 goblins
  12 hobgoblins
  4 jackals (D:2)
  4 quokkas
  6 bats
  2 frilled lizards
  9 kobolds
  11 rats
79 creatures vanquished.

Notes
Turn   | Place    | Note
-------+----------+-------------------------------------------
     0 | D:1      | Morbidden the Avariel Reaver began the quest for the Orb.
     0 | D:1      | Reached XP level 1. HP: 13/13 MP: 6/6
    84 | D:1      | Reached XP level 2. HP: 12/18 MP: 7/7
   332 | D:1      | Reached * piety under Vehumet
   332 | D:1      | Offered knowledge of Sting by Vehumet.
   340 | D:1      | Reached XP level 3. HP: 23/23 MP: 9/9
   351 | D:1      | Learned a level 1 spell: Sting
   764 | D:2      | Reached skill level 1 in Evocations
  1095 | D:2      | Reached XP level 4. HP: 26/28 MP: 8/10
  1187 | D:2      | Reached skill level 1 in Conjurations
  1381 | D:2      | Found a stormy altar of Qazlal.
  1382 | D:2      | Found a basalt altar of Yredelemnul.
  1493 | D:2      | Found a faded altar of an unknown god.
  1667 | D:3      | Reached ** piety under Vehumet
  1667 | D:3      | Offered knowledge of Shock by Vehumet.
  1670 | D:3      | Learned a level 1 spell: Shock
  2171 | D:3      | Reached XP level 5. HP: 8/32 MP: 2/12
  2420 | D:3      | Noticed a hungry ghost
  2432 | D:3      | Killed a hungry ghost
  2433 | D:3      | Reached skill level 1 in Poison Magic
  2433 | D:3      | Reached XP level 6. HP: 33/38 MP: 6/14
  2588 | D:3      | Reached skill level 1 in Air Magic
  3117 | D:4      | Noticed Blork the orc
  3131 | D:4      | Killed Blork the orc
  3150 | D:4      | Noticed Grinder
  3170 | D:4      | Paralysed by Grinder for 2 turns
  3269 | D:4      | Paralysed by Grinder for 2 turns
  3298 | D:4      | Paralysed by Grinder for 4 turns
  3300 | D:4      | HP: 1/57 [Grinder (5)]
  3300 | D:4      | Slain by Grinder

Skill      XL: |  1  2  3  4  5  6 |
---------------+-------------------+-----
Fighting       | 3 |  3.7
Spellcasting   | 3 4 |  4.6
Evocations     | 1 |  1.0
Conjurations   | 1 3 |  3.7
Dodging        | 4 |  4.9
Poison Magic   | 1 |  1.3
Air Magic      | 1 |  1.1
Long Blades    | |  3.5
Throwing       | |  0.1
Stealth        | |  0.1

Action                   |  1- 3 |  4- 6 || total
-------------------------+-------+-------++-------
Melee: Long sword        |    81 |    18 ||    99
       Dagger            |       |    21 ||    21
Throw: Tomahawk          |     2 |       ||     2
 Cast: Sting             |    46 |    97 ||   143
       Shock             |       |    45 ||    45
 Abil: Evoke Berserk Rag |     3 |       ||     3
  Use: Potion            |       |     4 ||     4
  Eat: Chunk             |     6 |     7 ||    13
       Ration            |       |     1 ||     1
Armor: Steam dragon scal |    34 |    18 ||    52
Dodge: Dodged            |    68 |    50 ||   118
Block: Other             |     1 |     2 ||     3
